 Dungeon Crawl Stone Soup version 0.30-a0-840-ga523dec638 (webtiles) character file.

Game seed: 14519128966814349392

5350 Newt the Markskobold (level 10, -11/59 HPs)
             Began as a Kobold Hunter on Mar 1, 2023.
             Mangled by a seven-headed hydra (13 damage)
             ... on level 9 of the Dungeon.
             The game lasted 00:08:39 (8767 turns).

Newt the Markskobold (Kobold Hunter)                Turns: 8767, Time: 00:08:40

Health: -11/59     AC: 12    Str:  9    XL:     10   Next: 97%
Magic:  10/10      EV: 22    Int:  7    God:
Gold:   390        SH:  5    Dex: 26    Spells: 9/9 levels left

rFire   + . .      SeeInvis .    a - +2 shortbow (flame)
rCold   . . .      Faith    .    (shield currently unavailable)
rNeg    . . .      Spirit   .    m - +2 leather armour of the Wizarding Gods {+Inv Int-3 Dex+3}
rPois   +          Reflect  +    l - +1 helmet of Limited Liability {-Cast rPois Will+}
rElec   .          Harm     .    G - scarf {+Inv}
rCorr   .          Rampage  .    d - +0 pair of gloves
Will    +....      NoCast   +    (no boots)
Stlth   +++                      f - amulet of reflection
HPRegen 0.29/turn                q - ring of protection from fire
MPRegen 0.12/turn                H - +4 ring of protection

@: no status effects
A: small, no large weapons, nightstalker 3
a: Evoke Invisibility


You were on level 9 of the Dungeon.
You visited 2 branches of the dungeon, and saw 10 of its levels.

You collected 474 gold pieces.
You spent 84 gold pieces at shops.

Inventory:

Hand Weapons
 a - a +2 shortbow of flaming (weapon)
Missiles
 p - 2 throwing nets
Armour
 c - a +1 leather armour
 d - a +0 pair of gloves (worn)
 j - an orb of wrath
 l - the +1 helmet of Limited Liability (worn) {-Cast rPois Will+}
   (You took it off Robin on level 1 of the Dungeon)

   rPois:     It protects you from poison.
   -Cast:     It prevents spellcasting.
   Will:      It increases your willpower.
 m - the +2 leather armour of the Wizarding Gods (worn) {+Inv Int-3 Dex+3}
   (You found it on level 2 of the Dungeon)

   Int:       It affects your intelligence (-3).
   Dex:       It affects your dexterity (+3).
   +Inv:      It lets you turn invisible.
 G - a scarf of invisibility (worn)
Jewellery
 f - an amulet of reflection (around neck)
 k - an amulet of guardian spirit
 q - a ring of protection from fire (left hand)
 H - a +4 ring of protection (right hand)
Wands
 n - a wand of flame (46)
 C - a wand of mindburst (10)
 D - a wand of acid (16)
Scrolls
 b - 2 scrolls of immolation
 i - 7 scrolls of teleportation
 t - a scroll of enchant armour
 y - a scroll of fog
 B - a scroll of brand weapon
 F - a scroll of magic mapping
 I - a scroll of fear
 K - a scroll of identify
Potions
 e - 4 potions of curing
 g - a potion of berserk rage
 h - 2 potions of mutation
 o - 2 potions of brilliance
 r - 2 potions of degeneration
 s - 3 potions of attraction
 u - a potion of cancellation
 v - 3 potions of might
 w - a potion of heal wounds {unknown}
 x - a potion of lignification
 z - a potion of resistance
 A - 2 potions of haste
 E - a potion of magic {unknown}
 J - a potion of flight


   Skills:
 - Level 5.0 Fighting
 - Level 15.0 Ranged Weapons
 - Level 4.0 Armour
 - Level 9.0 Dodging
 - Level 1.3 Stealth
 + Level 5.9 Evocations


You had 9 spell levels left.
You didn't know any spells.
Your spell library contained the following spells:

 Spells                   Type           Power      Damage    Failure   Level
 Beastly Appendage        Tmut           0%         N/A       54%         1
 Freeze                   Ice            0%         1d3       54%         1
 Sandblast                Erth           0%         2d4       54%         1
 Sting                    Tmut/Pois      0%         1d3       54%         1
 Passwall                 Tmut/Erth      0%         N/A       67%         2
 Poisonous Vapours        Pois/Air       0%         N/A       67%         2
 Wereblood                Tmut           0%         N/A       67%         2
 Frozen Ramparts          Ice            0%         1d1       88%         3
 Hailstorm                Conj/Ice       0%         3d3       88%         3
 Spider Form              Tmut/Pois      0%         N/A       88%         3
 Stone Arrow              Conj/Erth      0%         3d7       88%         3
 Ice Form                 Ice/Tmut       0%         N/A       99%         4
 Olgreb's Toxic Radiance  Pois           0%         N/A       99%         4
 Simulacrum               Ice/Necr       0%         N/A       100%        6


Dungeon Overview and Level Annotations

Branches:
Dungeon (9/15)             Temple (1/1) D:4
   Lair: D:8-11         Orc: D:9-12

Altars:
Ashenzari
Cheibriados
Dithmenos
Elyvilon
Fedhas
Gozag
Kikubaaqudgha
Nemelex Xobeh
Okawaru
Qazlal
Ru
Sif Muna
Trog
Uskayaw
Vehumet
Wu Jian
Xom
Yredelemnul
Zin
The Shining One

Shops:
D:4 *   D:5 [   D:8 !

Annotations:
D:4 2 runed translucent doors


Innate Abilities, Weirdness & Mutations

You are small and have problems with some larger weapons.
You are completely attuned to the shadows.


Message History

You shoot an arrow. The arrow hits the seven-headed hydra!
The arrow burns the seven-headed hydra.
The seven-headed hydra is severely wounded.
Your attacks no longer feel as feeble.
The seven-headed hydra closely misses you.
The seven-headed hydra completely misses you.
The seven-headed hydra misses you. The seven-headed hydra bites you!
The seven-headed hydra barely misses you.
You block the seven-headed hydra's attack.
The seven-headed hydra closely misses you.
The gnoll misses you. The gnoll completely misses you.
You shoot an arrow. The arrow hits the seven-headed hydra.
The arrow burns the seven-headed hydra.
The seven-headed hydra is almost dead.
The gnoll is no longer moving quickly. x2; The seven-headed hydra bites you!
* * * LOW HITPOINT WARNING * * *
The seven-headed hydra misses you.
The seven-headed hydra barely misses you. x2
The seven-headed hydra bites you.
* * * LOW HITPOINT WARNING * * *
The seven-headed hydra completely misses you.
The seven-headed hydra barely misses you.
The boulder beetle stops rolling and uncurls.
The gnoll closely misses you. You block the gnoll's attack.
Okay, then.
Aiming: Mindburst
Press: ? - help, Shift-Dir - straight line, f/p - seven-headed hydra
Aim: a seven-headed hydra (almost dead, chance to affect: 52%)
The seven-headed hydra's minds are blasted!
The gnoll bouda barks out a call to the hunt!
The gnolls pick up the pace!
You block the seven-headed hydra's attack.
The seven-headed hydra misses you.
You block the seven-headed hydra's attack.
The seven-headed hydra bites you but does no damage.
The seven-headed hydra closely misses you.
The seven-headed hydra bites you!
* * * LOW HITPOINT WARNING * * *
The seven-headed hydra bites you!
You die... .... )).. ##### .... #...##g... #...@DB... ########...##g°.. ###........### gg..

####...######.#
..>. ....)###
#.# .... .....#
#.. ......#
#### ......#
......#


You could see a boulder beetle, a seven-headed hydra, a gnoll bouda and 2
gnolls.

Vanquished Creatures
  The ghost of cforsyth the Covert, a novice KoBr of Hepliaklqana (D:8)
  3 yaks (D:8)
  Sigmund (D:5)
  A wyvern (D:7)
  2 vampire mosquitoes (D:8)
  5 water moccasins
  3 ice beasts
  A sky beast (D:7)
  A black bear (D:6)
  8 ogres
  2 centaurs
  Blork the orc (D:6)
  2 kobold brigands
  A gnoll sergeant (D:8)
  2 scorpions (D:6)
  A bullfrog (D:7)
  2 necrophages
  3 wights
  5 killer bees
  2 jellies
  A hound (D:6)
  4 orc priests
  Jessica (D:2)
  4 gnoll boudas
  2 iguanas
  5 orc wizards
  Ijyb (D:5)
  Robin (D:1)
  27 gnolls
  8 adders
  3 white imps
  2 ufetubi
  6 worms
  3 dart slugs
  28 orcs
  3 ball pythons
  11 endoplasms
  3 giant cockroaches
  10 goblins
  11 hobgoblins
  11 jackals
  3 quokkas
  7 bats
  2 frilled lizards (D:1)
  12 kobolds
  4 rats
  A bush (D:7)
221 creatures vanquished.

Notes
Turn   | Place    | Note
-------+----------+-------------------------------------------
     0 | D:1      | Newt the Kobold Hunter began the quest for the Orb.
     0 | D:1      | Reached XP level 1. HP: 12/12 MP: 1/1
   122 | D:1      | Reached XP level 2. HP: 18/18 MP: 2/2
   381 | D:1      | Reached XP level 3. HP: 23/23 MP: 3/3
   869 | D:2      | Identified the +1 helmet of Limited Liability {-Cast rPois
                  | Will+}
   869 | D:2      | Noticed Robin
  1167 | D:1      | Killed Robin
  1168 | D:1      | Reached XP level 4. HP: 17/30 MP: 4/4
  1541 | D:2      | Reached skill level 5 in Fighting
  1541 | D:2      | Reached XP level 5. HP: 31/35 MP: 5/5
  1559 | D:2      | Identified the +2 leather armour of the Wizarding Gods
                  | {+Inv Int-3 Dex+3}
  1623 | D:2      | Noticed Jessica
  1625 | D:2      | Killed Jessica
  1626 | D:2      | Reached skill level 6 in Ranged Weapons
  2375 | D:3      | Reached skill level 7 in Ranged Weapons
  2415 | D:3      | Reached XP level 6. HP: 40/40 MP: 6/6
  2971 | D:4      | Found Otiph's Serpentskin Sales.
  2971 | D:4      | Noticed a water moccasin
  2971 | D:4      | Noticed a water moccasin
  2971 | D:4      | Noticed a water moccasin
  2971 | D:4      | Noticed a water moccasin
  2982 | D:4      | Killed a water moccasin
  2983 | D:4      | Reached skill level 8 in Ranged Weapons
  2983 | D:4      | Killed a water moccasin
  2984 | D:4      | Reached skill level 9 in Ranged Weapons
  2984 | D:4      | Reached XP level 7. HP: 42/44 MP: 7/7
  2990 | D:4      | Killed a water moccasin
  2991 | D:4      | Killed a water moccasin
  2992 | D:4      | Reached skill level 10 in Ranged Weapons
  3515 | D:4      | Found a staircase to the Ecumenical Temple.
  3758 | Temple   | Entered the Ecumenical Temple
  3857 | D:4      | Found a large runed translucent door.
  3857 | D:4      | Found a large runed translucent door.
  4017 | D:5      | Entered Level 5 of the Dungeon
  4031 | D:5      | Reached XP level 8. HP: 49/49 MP: 8/8
  4047 | D:5      | Found Qaif's Antique Armour Shop.
  4082 | D:5      | Reached skill level 5 in Dodging
  4087 | D:5      | Identified the +1 robe "Damnable Contraption" {Dex+3}
  4127 | D:5      | Noticed Sigmund
  4130 | D:5      | Killed Sigmund
  4549 | D:5      | Noticed Ijyb
  4552 | D:5      | Killed Ijyb
  4810 | D:5      | Reached XP level 9. HP: 54/54 MP: 9/9
  5270 | D:6      | Reached skill level 11 in Ranged Weapons
  5524 | D:6      | Reached skill level 12 in Ranged Weapons
  5707 | D:6      | Noticed Blork the orc
  5709 | D:6      | Killed Blork the orc
  6287 | D:7      | Reached skill level 13 in Ranged Weapons
  6694 | D:7      | Reached XP level 10. HP: 59/59 MP: 10/10
  6695 | D:7      | Reached skill level 14 in Ranged Weapons
  7275 | D:8      | Reached skill level 15 in Ranged Weapons
  7280 | D:8      | Reached skill level 1 in Armour
  7736 | D:8      | Reached skill level 1 in Evocations
  7973 | D:8      | Found a shimmering blue altar of Sif Muna.
  8153 | D:8      | Found Vost's Distillery.
  8167 | D:8      | Bought a potion of might for 48 gold pieces
  8167 | D:8      | Bought a potion of flight for 36 gold pieces
  8200 | D:8      | Found a transporter.
  8204 | D:8      | Noticed cforsyth's ghost (novice KoBr)
  8205 | D:8      | Found a transporter.
  8209 | D:8      | Identified the +5 dire flail of Courage {flame, rC+}
  8548 | D:8      | Killed cforsyth's ghost
  8549 | D:8      | Reached skill level 5 in Evocations
  8757 | D:9      | Noticed a boulder beetle
  8759 | D:9      | Noticed a seven-headed hydra
  8760 | D:9      | Noticed a manticore
  8767 | D:9      | HP: 2/59 [seven-headed hydra (9)]
  8767 | D:9      | Mangled by a seven-headed hydra

Illustrated notes

Levels and vault maps discovered:
D:1:      minmay_arrival_up_and_down, layout_basic, kennysheep_small_spiral,
          hangedman_abyss_or_decor_stabs
D:2:      layout_rooms, minmay_3d_cube, uniq_robin, uniq_jessica
D:3:      layout_rooms
D:4:      layout_loops_corners, temple_green, ebering_ghost_disaster_area,
          guppyfry_shop_venom
D:5:      layout_basic, serial_shops, shop, uniq_ijyb, uniq_sigmund
D:6:      layout_gridville, nicolae_figureground_sparkle, uniq_blork_the_orc
D:7:      layout_basic, kb_lookout_dungeons_type, st_stairs_12,
          nicolae_figureground_pulse
D:8:      layout_loops_ring, tgw_sif, serial_shops, shop, gammafunk_ghost_smash
D:9:      layout_rooms, lightli_temple_of_fire, kennysheep_mini, minmay_radiant
Temple:   hellmonk_temple_of_storms

Skill      XL: |  1  2  3  4  5  6  7  8  9 10 |
---------------+-------------------------------+-----
Fighting       | 3 4 5 |  5.0
Ranged Weapons | 7 9 10 13 15 | 15.0
Dodging        | 4 9 |  9.0
Armour         | 4 |  4.0
Evocations     | 5 |  5.9
Stealth        | |  1.3

Action                     |  1- 3 |  4- 6 |  7- 9 | 10-12 || total
---------------------------+-------+-------+-------+-------++-------
  Melee: Shortbow          |       |       |     3 |       ||     3
   Fire: Shortbow          |    88 |   125 |   195 |   210 ||   618
  Evoke: Wand              |       |       |       |     1 ||     1
    Use: Scroll            |       |    11 |     7 |     1 ||    19
         Potion            |       |     1 |       |     4 ||     5
 Armour: Leather armour    |    16 |    21 |    12 |    15 ||    64
  Dodge: Dodged            |    71 |    62 |    73 |    87 ||   293
  Block: Other             |       |    15 |     9 |    19 ||    43
         Reflection        |       |       |     3 |       ||     3

Table legend: (Time is in decaauts)
 A = Elapsed time spent in this place.
 B = Non-inter-level travel time spent in this place.
 C = Inter-level travel time spent in this place.
 D = Time resting spent in this place.
 E = Time spent auto-exploring this place.
 F = Levels seen in this place.
 G = Mean time per level.
                   A        B        C        D        E       F      G
               +--------+--------+--------+--------+--------+-----+--------+
         Total |   8753 |   8218 |    535 |    746 |   6351 |  10 |  875.3 |
       Dungeon |   8703 |   8172 |    531 |    746 |   6324 |   9 |  967.0 |
        Temple |     49 |     45 |      4 |      0 |     27 |   1 |   49.0 |
               +--------+--------+--------+--------+--------+-----+--------+

Top non-repeatable levels by time:
     D:7: 1268 daAuts
     D:4: 1268 daAuts
     D:1: 1240 daAuts
     D:8: 1214 daAuts
     D:5: 1122 daAuts
     D:6: 986 daAuts
     D:2: 914 daAuts
     D:3: 611 daAuts
     D:9: 76 daAuts
  Temple: 49 daAuts
